 Dungeon Crawl Stone Soup version 0.17.1-3-g152610e (webtiles) character file.

117 kaze the Ducker (level 4, -1/45 HPs)
             Began as a Troll Berserker on Feb 22, 2016.
             Was a Believer of Trog.
             Slain by an iguana (8 damage)
             ... on level 4 of the Dungeon.
             The game lasted 00:08:17 (1734 turns).

kaze the Ducker (Troll Berserker)                   Turns: 1734, Time: 00:08:17

Health: -1/45      AC:  5    Str: 26    XL:     4   Next: 71%
Magic:  3/3        EV: 10    Int:  3    God:    Trog [**....]
Gold:   84         SH:  0    Dex:  9    Spells: 0 memorised, 3 levels left

rFire  . . .     SeeInvis .     j - +0 flail
rCold  . . .     Clarity  .     a - +0 animal skin
rNeg   . . .     SustAt   .     (no shield)
rPois  .         Gourm    +     (helmet restricted)
rElec  .         Spirit   .     (no cloak)
rCorr  .         Warding  .     (gloves unavailable)
rMut   .         Stasis   +     (boots unavailable)
MR     .....                    l - amulet of stasis
Stlth  ++........               (no ring)
                                d - ring of stealth

@: not resistant to hostile enchantments, unstealthy
A: unfitting armour, claws 3, fast metabolism 3, gourmand, regeneration 2,
shaggy fur 1, tough skin 2
a: Berserk, Trog's Hand, Burn Spellbooks, Renounce Religion


You were on level 4 of the Dungeon.
You worshipped Trog.
Trog was pleased with you.
You were not hungry.

You visited 1 branch of the dungeon, and saw 4 of its levels.

You collected 84 gold pieces.

Inventory:

Hand Weapons
 j - a +0 flail (weapon)
Armour
 a - a +0 animal skin (worn)
Jewellery
 d - a ring of stealth (left claw)
 l - an amulet of stasis (around neck)
Wands
 p - a wand of paralysis (11)
Scrolls
 e - a scroll of teleportation {unknown}
 g - 3 scrolls of remove curse
 h - a scroll of recharging {unknown}
 i - 2 scrolls of identify {unknown}
 m - a scroll of fear {unknown}
 n - a scroll of magic mapping {unknown}
Potions
 c - a potion of ambrosia
 f - a potion of lignification {unknown}
 k - a potion of curing
Comestibles
 b - 5 bread rations
 o - 2 beef jerkies


   Skills:
 + Level 3.2 Fighting
 + Level 0.1 Maces & Flails
 + Level 3.6 Dodging
 - Level 0.1 Stealth
 + Level 3.5 Unarmed Combat


You had 3 spell levels left.
You didn't know any spells.

Dungeon Overview and Level Annotations

Branches:
Dungeon (4/15)
 Temple: D:4-7

Altars:


Innate Abilities, Weirdness & Mutations

You are too large for most types of armour.
You have claws for hands.
Your metabolism is lightning-fast.
You like to eat raw meat.
You heal very quickly.
You are covered in fur (AC +1).
You have very tough skin (AC +2).


Message History

You hit the iguana but do no damage.
The iguana is lightly wounded.
The iguana barely misses you.
You completely miss the iguana.
The iguana is lightly wounded.
The iguana barely misses you.
You closely miss the iguana.
The iguana is lightly wounded.
The iguana barely misses you. x2
You closely miss the iguana. You claw the iguana.
The iguana is lightly wounded.
The iguana bites you!
You sock the iguana!
The iguana is severely wounded.
The iguana bites you. The iguana bites you!
* * * LOW HITPOINT WARNING * * *
You hit the iguana but do no damage.
The iguana is severely wounded.
The iguana bites you!
You die...

##..###.. #........
........# #.......# ...
#......## ... #.......##
#..# #..... ##........##
#..###.....
......l@..!###..##......
............#...........
........................
........................
...>#...................
.#####..................
######.............
##...#........
#....#........


You could see an iguana.

Vanquished Creatures
  An orc wizard (D:3)
  An orc priest (D:3)
  An adder (D:3)
  2 worms
  2 giant geckos
  7 orcs (D:3)
  5 giant cockroaches
  3 jackals (D:2)
  5 bats
  2 giant newts (D:2)
  3 goblins
  3 kobolds
  5 rats
40 creatures vanquished.

Notes
Turn   | Place    | Note
--------------------------------------------------------------
     0 | D:1      | kaze the Troll Berserker began the quest for the Orb.
     0 | D:1      | Reached XP level 1. HP: 22/22 MP: 0/0
   387 | D:1      | Reached XP level 2. HP: 29/29 MP: 1/1
   626 | D:2      | Found a faded altar to an unknown god.
   663 | D:2      | Reached ** piety under Trog
   743 | D:2      | Reached XP level 3. HP: 27/36 MP: 2/2
  1014 | D:3      | Reached XP level 4. HP: 31/45 MP: 3/3
  1734 | D:4      | Slain by an iguana

Action                   |  1- 3 |  4- 6 || total
-------------------------+-------+-------++-------
Melee: Unarmed           |    65 |       ||    65
       Flail             |    11 |    50 ||    61
Invok: Burn Spellbooks   |       |     1 ||     1
  Use: Potion            |     4 |       ||     4
       Scroll            |     1 |       ||     1
  Eat: Chunk             |     7 |     7 ||    14
       Royal jelly       |       |     1 ||     1
